 Dungeon Crawl Stone Soup version 0.31-a0-889-g1a8549509d (webtiles) character file.

Game seed: 10296560826337684099

494 caprisunthief1748 the Slasher (level 6, -6/82 HPs)
             Began as a Draconian Berserker on Oct 16, 2023.
             Was a Believer of Trog.
             Mangled by an orc priest
             ... wielding a +2 heavy mace
              (10 damage)
             ... on level 5 of the Dungeon.
             The game lasted 00:28:36 (4849 turns).

caprisunthief1748 the Slasher (Draconian Berserker) Turns: 4849, Time: 00:28:38

Health: -6/82      AC:  6    Str: 21    XL:     6   Next: 92%
Magic:  2/2        EV: 13    Int:  9    God:    Trog [**....]
Gold:   211        SH:  0    Dex: 11    Spells: 5/5 levels left

rFire   . . .        d - +6 long sword of Circular Logic {antimagic, rPois rC+ Int+2}
rCold   + . .        (no shield)
rNeg    . . .        (body armour unavailable)
rPois   +            (helmet restricted)
rElec   .            (no cloak)
rCorr   .            (no gloves)
SInv    .            (no boots)
Will    ++...        (no amulet) Stlth
                     c - ring of poison resistance
HPRegen 1.33/turn    b - ring of flight
MPRegen 0.08/turn

%: no passive effects
@: mighty, berserking, strong-willed, flying, regenerating, very quick
A: AC +6, unfitting armour, cold-blooded
a: Renounce Religion, Berserk, Trog's Hand


You were on level 5 of the Dungeon.
You worshipped Trog.
Trog was pleased with you.
You visited 2 branches of the dungeon, and saw 6 of its levels.

You collected 211 gold pieces.

Inventory:

Hand Weapons
 d - the +6 long sword of Circular Logic (weapon) {antimagic, rPois rC+ Int+2}
   (You found it on level 3 of the Dungeon)

   Int+2:     It affects your intelligence (+2).
   rC+:       It protects you from cold.
   rPois:     It protects you from poison
Jewellery
 b - a ring of flight (right hand)
 c - a ring of poison resistance (left hand)
Scrolls
 e - a scroll of enchant armour
 f - a scroll of enchant weapon (quivered)
Potions
 g - a potion of resistance


   Skills:
 + Level 4.9 Fighting
 + Level 5.9 Long Blades
 + Level 4.1 Dodging
 + Level 1.3 Stealth


You had 5 spell levels left.
You didn't know any spells.
Your spell library contained the following spells:

 Spells                   Type           Power      Damage    Failure   Level
 Kiss of Death            Conj/Necr      0%         2d5       38%         1
 Summon Small Mammal      Summ           0%         N/A       38%         1
 Blink                    Tloc           0%         N/A       52%         2
 Lesser Beckoning         Tloc           0%         N/A       52%         2
 Momentum Strike          Conj/Tloc      0%         3d8       52%         2
 Call Canine Familiar     Summ           0%         N/A       77%         3
 Frozen Ramparts          Ice            0%         1d1       77%         3
 Summon Guardian Golem    Hex/Summ       0%         N/A       77%         3
 Petrify                  Tmut/Erth      0%         N/A       99%         4
 Metabolic Englaciation   Hex/Ice        0%         N/A       100%        5


Dungeon Overview and Level Annotations

Branches:
Dungeon (5/15)             Temple (1/1) D:4

Altars:
Ashenzari
Dithmenos
Fedhas
Gozag
Makhleb
Nemelex Xobeh
Okawaru
Sif Muna
Trog
Uskayaw
Vehumet
Wu Jian
Xom
Yredelemnul
Zin
The Shining One


Innate Abilities, Weirdness & Mutations

Your plain brown scales are hard. (AC +6)
You cannot fit into any form of body armour.
You are cold-blooded and may be slowed by cold attacks.


Message History

The orc wizard falters for a moment.
The orc closely misses you.
You slash the orc wizard!
The orc wizard's magic leaks into the air.
The orc wizard is heavily wounded.
The orc priest hits you with a +2 heavy mace!
* * * LOW HITPOINT WARNING * * *
The orc wizard hits you but does no damage.
The orc hits you with a +0 morningstar.
* * * LOW HITPOINT WARNING * * *
It was a potion of might.
You feel very mighty all of a sudden. The orc hits you with a +0 morningstar.
* * * LOW HITPOINT WARNING * * *
The orc priest closely misses you.
The orc wizard hits you but does no damage.
Your skin crawls.
You feel strong-willed.
The orc wizard hits you but does no damage.
The orc misses you.
A red film seems to cover your vision as you go berserk!
You feel yourself moving faster!
You feel mighty!
The orc priest begins to cast a cantrip, but forgets the words!
The orc completely misses you.
The orc wizard hits you but does no damage.
You closely miss the orc wizard. You tail-slap the orc wizard!
You kill the orc wizard!
Trog accepts your kill.
Trog appreciates your killing of a magic user.
The orc priest hits you with a +2 heavy mace!
* * * LOW HITPOINT WARNING * * *
The orc barely misses you.
Unknown command.
You barely miss the orc. You slash the orc!
You feel the power of Trog in you as your rage grows.
You kill the orc!
Trog accepts your kill. The orc closely misses you.
The orc priest hits you with a +2 heavy mace!
You die...

########## ..##
......o@.## ...
.....oo#o.# >.
.......#..# .
##...####.# #
.#..#..... #..#
# ...#...#.
#..# #
...###~#~###..#
# .#....
#.....##
#####.#...#
#.#...#


You could see an orc priest and 3 orcs.

Vanquished Creatures
  A black bear (D:4)
  2 hounds
  2 iguanas
  2 orc wizards
  A sleepcap (D:5)
  7 gnolls
  4 adders
  5 worms
  5 dart slugs
  9 orcs
  8 ball pythons
  7 endoplasms
  3 giant cockroaches
  9 goblins
  3 hobgoblins
  8 jackals
  3 kobolds
  5 quokkas
  3 bats
  5 rats
92 creatures vanquished.

Notes
Turn   | Place    | Note
-------+----------+-------------------------------------------
     0 | D:1      | caprisunthief1748 the Draconian Berserker began the quest
                  | for the Orb.
     0 | D:1      | Reached XP level 1. HP: 19/19 MP: 1/1
    68 | D:1      | Found a faded altar of an unknown god.
    86 | D:1      | Got Plato's Compilation of the Charnel House
   245 | D:1      | Reached XP level 2. HP: 19/26 MP: 2/2
   285 | D:1      | Identified a scroll of acquirement
   286 | D:1      | Acquired a ring of flight
   656 | D:1      | Reached ** piety under Trog
   657 | D:1      | Reached XP level 3. HP: 33/33 MP: 3/3
  2033 | D:3      | Reached XP level 4. HP: 35/40 MP: 4/4
  2052 | D:3      | Reached skill level 4 in Long Blades
  2243 | D:3      | Found a sparkling altar of Nemelex Xobeh.
  2243 | D:3      | Found a radiant altar of Vehumet.
  2666 | D:3      | Identified the +6 long sword of Circular Logic {antimagic,
                  | rPois rC+ Int+2}
  3010 | D:3      | Identified the +2 dagger "Zaod Esu" {heavy, *Corrode rPois
                  | rN+ Stlth+}
  3074 | D:4      | Found a shimmering blue altar of Sif Muna.
  3100 | D:4      | Found a staircase to the Ecumenical Temple.
  3120 | D:4      | Reached XP level 5. HP: 46/46 MP: 1/5
  3232 | D:4      | Noticed a black bear
  3246 | D:4      | Killed a black bear
  3247 | D:4      | Reached skill level 5 in Long Blades
  3247 | D:4      | Reached skill level 1 in Stealth
  3247 | D:4      | Reached XP level 6. HP: 38/53 MP: 2/6
  4176 | D:4      | Found a hide-covered altar of Uskayaw.
  4324 | Temple   | Entered the Ecumenical Temple
  4519 | D:5      | Entered Level 5 of the Dungeon
  4847 | D:5      | HP: 2/82 [orc priest/+2 heavy mace (7)]
  4849 | D:5      | Mangled by an orc priest

Illustrated notes

Levels and vault maps discovered:
D:1:      nzn_arrival_depleted_hourglass, layout_loops_ring,
          shapermc_ecumenical_altar_rom_forum
D:2:      layout_loops_ring
D:3:      layout_rooms, nicolae_overflow_two_pavilions,
          kennysheep_generic_room_5
D:4:      layout_basic, mainiacjoe_overflow_alcove_4,
          lemuel_coloured_pillars_altar, minmay_temple_entry_stoned_glass
D:5:      minmay_angry_zag, layout_rooms, hangedman_ru_absence
Temple:   nicolae_temple_bog_church

Skill      XL: |  1  2  3  4  5  6 |
---------------+-------------------+-----
Dodging        | 3 4 |  4.1
Long Blades    | 4 5 |  5.9
Fighting       | 4 |  4.9
Stealth        | 1 |  1.3

Action                     |  1- 3 |  4- 6 || total
---------------------------+-------+-------++-------
  Melee: Falchion          |   126 |    24 ||   150
         Tailslap          |    14 |    13 ||    27
         Long sword        |       |   128 ||   128
         Punch             |       |     1 ||     1
 Invoke: Berserk           |       |     2 ||     2
         Trog's Hand       |       |     1 ||     1
    Use: Scroll            |     8 |     6 ||    14
         Potion            |       |     4 ||     4
 Armour: Skin              |    85 |   144 ||   229
  Dodge: Dodged            |   100 |   142 ||   242

Table legend: (Time is in decaauts)
 A = Elapsed time spent in this place.
 B = Non-inter-level travel time spent in this place.
 C = Inter-level travel time spent in this place.
 D = Time resting spent in this place.
 E = Time spent auto-exploring this place.
 F = Levels seen in this place.
 G = Mean time per level.
                   A        B        C        D        E       F      G
               +--------+--------+--------+--------+--------+-----+--------+
         Total |   4901 |   4901 |      0 |      0 |     27 |   6 |  816.8 |
       Dungeon |   4735 |   4735 |      0 |      0 |     27 |   5 |  947.0 |
        Temple |    165 |    165 |      0 |      0 |      0 |   1 |  165.0 |
               +--------+--------+--------+--------+--------+-----+--------+

Top non-repeatable levels by time:
     D:4: 1308 daAuts
     D:1: 1160 daAuts
     D:3: 1056 daAuts
     D:2: 879 daAuts
     D:5: 331 daAuts
  Temple: 165 daAuts
